Selects Airborne Battlegroup
Selects Heavy Machine Gun Paradrop
Heavy Machine Gun Paradrop
Construct Weapon Support Center
Heavy Machine Gun Paradrop
Selects Paratrooper Squad Paradrop
Paratrooper Squad Paradrop
Mechanized Support Center
M3 Armored Personnel Carrier
Paratrooper Squad Paradrop
Selects Anti-tank Gun Team Paradrop
Anti-tank Gun Team Paradrop
Designate Forward Repair Station
Designate Forward Repair Station
Designate Forward Repair Station
M4A1(76) Sherman Medium Tank
M18 Hellcat Tank Destroyer
Designate Forward Repair Station
M4A1(76) Sherman Medium Tank